cohdb
Replays
Latest Replays
All Replays
Popular Replays
Top Player Replays
Match Explorer
How It Works
Community
CoH3 Stats
Reddit
Sign in to upload your games and track your stats! →
Sign in with Steam
Match 43108308
Unlisted
Match 43108308
Overview
Messages
Build Orders
End
Vickers Machine Gun Team
Construct Section Command Post
Infantry Section
Infantry Section
Infantry Section
Construct Platoon Command Post
6-pounder Anti-tank Gun Team
Unlock Bishop Self-propelled Artillery
Selects Heavy Armor Battlegroup
Selects Engineer Detachments
Selects Forward Repair Assembly
CMP 15cwt Truck
Bishop Self-propelled Artillery
Bishop Self-propelled Artillery
Infantry Section
Infantry Training
Jd577
蘅
Enverto
CreativeKimbo
HapiDjus
Thigoron
Grey
[SDC] McOmghall
0
0
Comments
sign in to comment!
No comments posted yet!